 Dungeon Crawl Stone Soup version 0.23-a0-290-g290e36d (webtiles) character file.

120230 Ijustatesigmund the Severer (level 16, -7/122 HPs)
             Began as an Octopode Berserker on Oct 2, 2018.
             Was the Champion of Trog.
             Killed from afar by a smoke demon (34 damage)
             ... with a ball of steam
             ... on level 3 of the Abyss on Oct 3, 2018.
             The game lasted 01:28:11 (34448 turns).

Ijustatesigmund the Severer (Octopode Berserker)   Turns: 34448, Time: 01:28:13

Health: -7/122     AC:  1    Str: 17    XL:     16   Next: 81%
Magic:  40/40      EV: 21    Int: 11    God:    Trog [******]
Gold:   1814       SH: 14    Dex: 16    Spells: 15/15 levels left

rFire    . . .     SeeInvis +   Y - +9 broad axe (elec)
rCold    . . .     Gourm    .   i - +2 shield
rNeg     + + .     Faith    .   z - +0 hat of the Slug {rN++}
rPois    +         Spirit   .   (no amulet)
rElec    .         Reflect  .   d - ring of magical power
rCorr    .         Harm     .   w - ring of see invisible
MR       ++++.     Rnd*Rage +   (no ring)
Stlth    ++++++....             P - ring of protection from magic
HPRegen  1.30/turn              R - ring of magical power
MPRegen  0.27/turn              H - ring of poison resistance
                                (no ring)
                                (no ring)

@: about to teleport, very slightly contaminated, regenerating
A: almost no armour, stealthy swim, amphibious, 8 rings, constrict 8, repulsion
field 1, camouflage 1, [berserk 2], wild magic 1, gelatinous body 1
a: Berserk, Trog's Hand, Brothers in Arms, Renounce Religion


You were on level 3 of the Abyss.
You worshipped Trog.
Trog was exalted by your worship.
You were not hungry.

You visited 3 branches of the dungeon, and saw 22 of its levels.
You visited the Abyss 1 time.
You also visited: Labyrinth and Sewer.

You collected 2780 gold pieces.
You spent 966 gold pieces at shops.

Inventory:

Hand Weapons
 x - a +0 hand axe of flaming
 C - the +6 broad axe of the Common Good {chop, rPois rF+ Int+4}
   (Trog gifted it to you on level 9 of the Dungeon)

   It inflicts extra damage upon your enemies.
   It affects your intelligence (+4).
   It protects you from fire.
   It protects you from poison.
 Y - a +9 broad axe of electrocution (weapon)
Missiles
 o - 4 silver javelins (quivered)
 s - 3 throwing nets
 J - 22 javelins
Armour
 i - a +2 shield (worn)
 z - the +0 hat of the Slug (worn) {rN++}
   (You found it on level 9 of the Dungeon)

   It greatly protects you from negative energy.
Jewellery
 d - a ring of magical power (left tentacle)
 w - a ring of see invisible (right tentacle)
 H - a ring of poison resistance (on tentacle)
 K - an uncursed ring of ice
 P - a ring of protection from magic (on tentacle)
 R - a ring of magical power (on tentacle)
 V - an uncursed ring of fire
Wands
 v - a wand of iceblast (11)
 E - a wand of digging (12)
 I - a wand of paralysis (4)
 N - a wand of flame (4)
 S - a wand of acid (14)
 T - a wand of clouds (14)
 U - a wand of polymorph (25)
 X - a wand of enslavement (10)
Scrolls
 a - 2 scrolls of teleportation
 f - 13 scrolls of remove curse
 l - 3 scrolls of blinking
 p - 2 scrolls of summoning
 t - 3 scrolls of immolation
 y - 6 scrolls of identify
 A - a scroll of magic mapping
 F - 3 scrolls of brand weapon
 M - a scroll of fear
 W - 4 scrolls of fog
Potions
 c - 6 potions of agility
 e - 4 potions of lignification
 g - 5 potions of mutation
 h - 7 potions of curing
 j - 5 potions of heal wounds
 k - 5 potions of ambrosia
 m - 4 potions of flight
 n - 3 potions of might
 q - 2 potions of resistance
 r - 3 potions of haste
 u - 3 potions of cancellation
 B - a potion of berserk rage
 G - 2 potions of magic
 Q - a potion of invisibility
 Z - a potion of brilliance
Miscellaneous
 D - a phantom mirror
Comestibles
 b - 24 rations


   Skills:
 + Level 15.5 Fighting
 + Level 16.3 Axes
 - Level 5.0 Throwing
 - Level 9.4 Dodging
 - Level 12.7 Stealth
 - Level 11.0 Shields
 - Level 9.0 Evocations


You had 15 spell levels left.
You didn't know any spells.
Your spell library was empty.

Dungeon Overview and Level Annotations

Branches:
Dungeon (14/15) Temple (0/1) D:5 Lair (6/6) D:9 Swamp (0/4) Lair:2 Spider (0/4) Lair:2 Slime (0/5) Lair:5 Orc (2/2) D:11 Elf (0/3) Orc:2 Vaults (0/5) D:13 D:14

Altars:
Elyvilon
Fedhas
Gozag
Nemelex Xobeh
Qazlal
Wu Jian
Xom
Yredelemnul
Beogh

Shops:
D:13 ?   Orc:2 %:((

Annotations:
Lair:1 exclusion: oklob plant
Lair:5 exclusion: 4 oklob plants


Innate Abilities, Weirdness & Mutations

You cannot wear most types of armour.
You are very stealthy in the water. (Stealth+)
You are amphibious.
You can wear up to eight rings at the same time.
You can use your tentacles to constrict eight enemies at once.
Your skin changes colour to match your surroundings (Stealth+).
Your rubbery body absorbs attacks. (AC +1, EV +1)
You are surrounded by a mild repulsion field. (EV +2)
Your spells are a little harder to cast, but a little more powerful.
[You often lose your temper in combat.]


Message History

The ball of steam misses you.
A large abomination comes into view.
The efreet closely misses you.
Blink to where?
Press: ? - help, Dir - move target cursor You are very lightly contaminated with residual magic.
As you read the scroll of blinking, it crumbles to dust.
The smoke demon gestures at you. The ball of steam misses you.
As you read the scroll of teleportation, it crumbles to dust.
You feel strangely unstable.
You feel the power of the Abyss delaying your translocation!
An eye of draining comes into view.
A neqoxec comes into view.
The smoke demon gestures at you. Something smites you!
* * * LOW HITPOINT WARNING * * *
The smoke demon gestures at you. The ball of steam hits you!
You die...

#.##≈≈≈......§....
.. .
...._.#..§..#. ...
#. #...# #..3##
...# . # #.##X##
##.## #.##
.##.#...###...##
..
#..Z.....#.....#.
#
..#.....§.........
#.
####...§#G....#...
##.@###...###...
.. #.##..#.### #.#
.#. ## §..# .. ##
..4#.# 3..#
#...##. .....
##'##.. .#. #.. ..
#. #.


You could see a tentacled starspawn (wandering), a chaos spawn and an emperor
scorpion simulacrum (wandering).

Vanquished Creatures
  Rupert (D:13)
  2 liches (Abyss:3)
  Frances (D:13)
  Nessos (D:13)
  The ghost of heinrich the Brawler, a journeyman TrMo of Ru (D:14)
  A minotaur (Lab)
  An ogre mage (D:10)
  Erolcha (D:12)
  5 hydras
  Fannar (Orc:1)
  4 centaur warriors
  9 two-headed ogres
  Harold (D:7)
  3 death yaks (Lair:6)
  An orc high priest (D:14)
  Urug (D:10)
  A wretched star (Abyss:3)
  A thrashing horror (Abyss:3)
  Sonja (Orc:2)
  A sixfirhy (Abyss:3)
  4 skeletal warriors
  2 unseen horrors
  A wizard (D:11)
  A necromancer (D:14)
  A wolf spider (Lair:6)
  5 orc sorcerers
  A phantasmal warrior (D:14)
  2 manticores
  10 orc knights
  3 cyclopes
  11 ugly things
  Maurice (D:8)
  5 elephants (Lair:6)
  2 smoke demons (Abyss:3)
  11 black mambas
  2 gargoyles (D:14)
  A guardian serpent (Lair:6)
  Joseph (D:9)
  2 minotaur zombies (Lab)
  A torpor snail (Lair:5)
  A hellion (Abyss:3)
  6 rime drakes
  15 spiny frogs
  A freezing wraith (Abyss:3)
  An efreet (D:12)
  7 komodo dragons
  The ghost of namelastname112 the Fighter, an amateur DrWn (D:5)
  A queen bee (Lair:3)
  7 trolls
  2 ancient zymes (Abyss:3)
  A tengu conjurer (D:14)
  6 polar bears
  3 hornets
  2 meliai zombies
  14 blink frogs
  8 hippogriffs
  7 dream sheep
  4 raiju
  8 slime creatures (D:13)
  6 starcursed masses (Abyss:3)
  10 wyverns
  A shadow (D:12)
  5 redbacks
  2 wraiths
  A vampire (D:14)
  60 yaks
  15 humans (D:13)
  4 fire bats (D:12)
  4 basilisks
  A steam dragon (D:9)
  A chaos spawn (Abyss:3)
  4 large abominations (Abyss:3)
  13 wargs
  A soldier ant (D:14)
  An acid dragon (D:14)
  2 swamp worms (Lair:2)
  Duvessa (D:7)
  19 water moccasins
  11 porcupines
  13 hell hounds
  7 black bears (Lair:6)
  38 orc warriors
  A hornet zombie (D:12)
  3 phantoms
  3 ice beasts
  3 eyes of draining
  2 sky beasts
  17 ogres
  3 necrophages
  14 wolves
  27 centaurs
  12 crocodiles
  5 big kobolds
  18 bullfrogs
  A gnoll sergeant (D:6)
  2 scorpions
  Dowan (D:7)
  42 killer bees
  6 howler monkeys
  26 wights
  An electric eel (Lair:2)
  5 bullfrog zombies (D:12)
  2 centaur zombies
  7 crimson imps
  2 lava snakes (D:12)
  2 quasits
  5 hounds
  3 jellies
  4 centaur skeletons
  18 orc priests
  24 orc wizards
  An iron imp (Abyss:3)
  4 bullfrog skeletons
  7 iguanas
  13 worker ants
  A small abomination (Abyss:3)
  A killer bee zombie (D:8)
  2 hound skeletons
  3 mummies
  Robin (D:3)
  A howler monkey skeleton (D:6)
  14 adders
  11 gnolls
  7 river rats
  2 shadow imps
  2 oozes
  An adder zombie (D:9)
  An adder skeleton (D:9)
  3 worms
  3 dart slugs
  7 leopard geckos
  106 orcs
  5 giant cockroaches
  24 goblins
  11 hobgoblins
  9 jackals
  24 kobolds
  4 quokkas
  5 ball pythons (Sewer)
  3 bats
  7 frilled lizards
  3 hobgoblin zombies (D:4)
  A leopard gecko skeleton (D:8)
  An orc zombie (D:4)
  A quokka skeleton (D:9)
  A quokka zombie (D:9)
  24 rats
  3 fire vortices (D:12)
  2 fungi
  4 plants
1002 creatures vanquished.

Vanquished Creatures (collateral kills)
  A catoblepas (Lair:6)
  4 polar bears (Lair:6)
  A raiju (Lair:6)
  A hell hound (Lair:6)
  4 black bears (Lair:6)
  2 wolves (Lair:6)
13 creatures vanquished.

Vanquished Creatures (others)
  A human (D:13)
  A small abomination (Abyss:3)
  A goblin (D:3)
  A hobgoblin (D:3)
  A kobold (D:3)
  4 demonic plants (Abyss:3)
  46 fungi
  A lurking horror (Abyss:3)
  58 plants
114 creatures vanquished.

Grand Total: 1129 creatures vanquished

Notes
Turn   | Place    | Note
-------+----------+-------------------------------------------
     0 | D:1      | Ijustatesigmund the Octopode Berserker began the quest for
                  | the Orb.
     0 | D:1      | Reached XP level 1. HP: 16/16 MP: 1/1
   176 | D:1      | Reached XP level 2. HP: 21/21 MP: 2/2
   541 | D:1      | Reached skill level 4 in Axes
   678 | D:2      | Found a sparkling altar of Nemelex Xobeh.
   707 | D:2      | Reached XP level 3. HP: 21/26 MP: 3/3
   776 | D:2      | Found a shimmering altar of Xom.
   777 | D:2      | Found a white marble altar of Elyvilon.
   788 | D:2      | Found a stormy altar of Qazlal.
  1332 | D:2      | Reached skill level 5 in Axes
  1332 | D:2      | Reached XP level 4. HP: 22/31 MP: 4/4
  1724 | D:3      | Reached ** piety under Trog
  1724 | D:3      | Reached XP level 5. HP: 32/36 MP: 5/5
  1763 | D:3      | Noticed Robin
  1776 | D:3      | Killed Robin
  1823 | D:3      | Reached skill level 6 in Axes
  2157 | D:3      | Reached XP level 6. HP: 38/42 MP: 6/6
  2668 | D:4      | Reached *** piety under Trog
  2832 | D:4      | Reached XP level 7. HP: 47/47 MP: 7/7
  2938 | D:4      | Reached skill level 7 in Axes
  3074 | D:4      | Found a glowing drain.
  3078 | Sewer    | Entered a sewer
  3707 | Sewer    | Gained mutation: You are surrounded by a mild repulsion
                  | field. (EV +2) [potion of mutation]
  3707 | Sewer    | Gained mutation: Your spells are a little harder to cast,
                  | but a little more powerful. [potion of mutation]
  3782 | Sewer    | Reached **** piety under Trog
  5045 | D:5      | Entered Level 5 of the Dungeon
  5107 | D:5      | Reached XP level 8. HP: 28/54 MP: 8/8
  5254 | D:5      | Reached skill level 5 in Fighting
  5254 | D:5      | Reached skill level 5 in Dodging
  5322 | D:5      | Reached skill level 1 in Stealth
  5633 | D:5      | Found a staircase to the Ecumenical Temple.
  5659 | D:5      | Found a runed door.
  5957 | D:5      | Noticed namelastname112's ghost (amateur DrWn)
  5985 | D:5      | Killed namelastname112's ghost
  5985 | D:5      | Reached skill level 8 in Axes
  6359 | D:6      | Reached ***** piety under Trog
  6573 | D:5      | Reached skill level 5 in Stealth
  6573 | D:5      | Reached XP level 9. HP: 49/62 MP: 9/9
  7096 | D:6      | Found an opulent altar of Gozag.
  7358 | D:6      | Reached skill level 9 in Axes
  7705 | D:7      | Noticed Duvessa
  7706 | D:7      | Noticed Dowan
  7711 | D:7      | Killed Dowan
  7720 | D:7      | Killed Duvessa
  7996 | D:7      | Reached skill level 1 in Shields
  8689 | D:7      | Noticed Harold
  8900 | D:7      | Killed Harold
  8900 | D:7      | Reached XP level 10. HP: 45/71 MP: 10/10
  9459 | D:8      | Noticed a three-headed hydra
  9465 | D:8      | Killed a one-headed hydra
  9857 | D:8      | Noticed Maurice
  9869 | D:8      | Killed Maurice
  9869 | D:8      | Reached skill level 10 in Shields
 10176 | D:9      | Noticed Joseph
 10184 | D:9      | Killed Joseph
 10184 | D:9      | Reached XP level 11. HP: 75/75 MP: 11/11
 10234 | D:9      | Noticed a green ugly thing
 10239 | D:9      | Killed a green ugly thing
 10268 | D:9      | Noticed a purple ugly thing
 10277 | D:9      | Killed a purple ugly thing
 10277 | D:9      | Reached skill level 1 in Evocations
 11155 | D:9      | Noticed a centaur warrior
 11168 | D:9      | Killed a centaur warrior
 11399 | D:9      | Found a staircase to the Lair.
 11492 | D:9      | Reached skill level 10 in Axes
 11964 | D:9      | You fall through a shaft for 3 floors!
 12131 | D:11     | Found a sparkling altar of Nemelex Xobeh.
 12314 | D:11     | You fall through a shaft for 2 floors!
 12367 | D:10     | Entered Level 10 of the Dungeon
 12472 | D:10     | Noticed Urug
 12485 | D:10     | Killed Urug
 12485 | D:10     | Reached skill level 5 in Evocations
 12515 | D:10     | Found a blossoming altar of Fedhas.
 12558 | D:10     | Noticed a two-headed ogre
 12558 | D:10     | Noticed a two-headed ogre
 12558 | D:10     | Noticed a two-headed ogre
 12558 | D:10     | Noticed a two-headed ogre
 12558 | D:10     | Noticed a two-headed ogre
 12558 | D:10     | Noticed a two-headed ogre
 12558 | D:10     | Noticed an ogre mage
 12575 | D:10     | Killed a two-headed ogre
 12575 | D:10     | Reached XP level 12. HP: 55/84 MP: 16/16
 13034 | D:9      | Got a polished hat
 13040 | D:9      | Identified the cursed +0 hat of the Slug {rN++} (You found
                  | it on level 9 of the Dungeon)
 13093 | D:9      | Noticed a two-headed ogre
 13104 | D:9      | Killed a two-headed ogre
 13108 | D:9      | Received a gift from Trog
 13114 | D:9      | Reached ****** piety under Trog
 13123 | D:9      | Got a fine broad axe {god gift}
 13124 | D:9      | Identified the +6 broad axe of the Common Good {chop, rPois
                  | rF+ Int+4} (Trog gifted it to you on level 9 of the
                  | Dungeon)
 13509 | D:9      | Found a basalt altar of Yredelemnul.
 13570 | D:10     | Killed a two-headed ogre
 13746 | D:10     | Killed a two-headed ogre
 13746 | D:10     | Reached skill level 11 in Axes
 14151 | D:10     | Killed a two-headed ogre
 14587 | D:10     | Killed an ogre mage
 14589 | D:10     | Killed a two-headed ogre
 14589 | D:10     | Reached skill level 10 in Fighting
 14590 | D:10     | Killed a two-headed ogre
 15871 | D:11     | Found a staircase to the Orcish Mines.
 16031 | Orc:1    | Entered Level 1 of the Orcish Mines
 16142 | Orc:2    | Entered Level 2 of the Orcish Mines
 16142 | Orc:2    | Noticed a two-headed ogre
 16145 | Orc:2    | Killed a two-headed ogre
 16145 | Orc:2    | Reached XP level 13. HP: 93/93 MP: 19/19
 16165 | Orc:2    | Reached skill level 12 in Axes
 16441 | Orc:1    | Found a shimmering altar of Xom.
 16441 | Orc:1    | Noticed Fannar
 16447 | Orc:1    | Killed Fannar
 16571 | Orc:1    | Received a gift from Trog
 17013 | Orc:2    | Found a staircase to the Elven Halls.
 18013 | Orc:2    | Noticed Sonja
 18025 | Orc:2    | Killed Sonja
 18130 | Orc:2    | Found a roughly hewn altar of Beogh.
 18143 | Orc:2    | Found Qyuwe's Book Boutique.
 18143 | Orc:2    | Found Nugoazof's Food Shoppe.
 18221 | Orc:2    | Found Robi's Weapon Boutique.
 18221 | Orc:2    | Found Bompoici's Antique Weapon Shoppe.
 18225 | Orc:2    | Reached skill level 13 in Axes
 18724 | Lair:1   | Entered Level 1 of the Lair of Beasts
 19136 | Lair:1   | Upgraded the game from 0.23-a0-275-g0cf4261 to
                  | 0.23-a0-290-g290e36d
 20052 | Lair:2   | Reached XP level 14. HP: 86/104 MP: 20/20
 20583 | Lair:2   | Found a hole to the Spider Nest.
 21157 | Lair:2   | Received a gift from Trog
 21434 | Lair:2   | Found a staircase to the Swamp.
 23667 | Lair:4   | Reached skill level 10 in Stealth
 24001 | Lair:5   | Found a labyrinth entrance.
 24050 | Lab      | Entered a labyrinth
 24306 | Lab      | Got a scorched quarterstaff
 24307 | Lab      | Identified the +9 quarterstaff "Dutomyal" {flame, rF+} (You
                  | found it in a labyrinth)
 24634 | Lair:5   | Found a runed door.
 25336 | Lair:5   | Found a staircase to the Slime Pits.
 25717 | Lair:6   | Entered Level 6 of the Lair of Beasts
 25765 | Lair:6   | Reached skill level 14 in Axes
 26271 | Lair:6   | Received a gift from Trog
 26326 | Lair:6   | Reached XP level 15. HP: 34/110 MP: 21/21
 27487 | Lair:6   | Received a gift from Trog
 27771 | Lair:6   | Identified the +0 shield "Pybras" {+Fly Str-5 Dex+6} (You
                  | found it on level 6 of the Lair of Beasts)
 29162 | D:12     | Reached skill level 1 in Throwing
 29411 | D:12     | Noticed Erolcha
 29418 | D:12     | Killed Erolcha
 29474 | D:12     | Received a gift from Trog
 29939 | D:12     | Reached skill level 15 in Axes
 30862 | D:13     | Noticed Frances
 30871 | D:13     | Killed Frances
 30871 | D:13     | Received a gift from Trog
 30871 | D:13     | Reached XP level 16. HP: 76/119 MP: 22/22
 30887 | D:13     | Found Edwum's Magic Scroll Boutique.
 30895 | D:13     | Bought a scroll of identify for 28 gold pieces
 30895 | D:13     | Bought a scroll of acquirement for 728 gold pieces
 30895 | D:13     | Bought a scroll of enchant weapon for 105 gold pieces
 30895 | D:13     | Bought a scroll of enchant weapon for 105 gold pieces
 30899 | D:13     | Identified the +0 hat of the Dropbear {+Fly SInv} (You
                  | acquired it on level 13 of the Dungeon)
 31493 | D:14     | Found a gate to the Vaults.
 31493 | D:14     | Noticed Rupert
 31493 | D:14     | Noticed Nessos
 31508 | D:13     | Killed Rupert
 31763 | D:13     | Killed Nessos
 32052 | D:13     | Received a gift from Trog
 32471 | D:14     | Reached skill level 5 in Throwing
 33167 | D:14     | Found a roughly hewn altar of Beogh.
 33322 | D:14     | Found a runed door.
 33461 | D:14     | Found a runed door.
 33542 | D:14     | Reached skill level 15 in Fighting
 33546 | D:14     | Noticed a lich
 33632 | D:14     | Found an ornate altar of the Wu Jian Council.
 33639 | D:14     | Noticed heinrich's ghost (journeyman TrMo)
 33676 | D:14     | Received a gift from Trog
 33738 | D:14     | Found a runed door.
 33754 | D:14     | Killed heinrich's ghost
 33757 | D:14     | Cast into level 3 of the Abyss (a lich)
 33853 | Abyss:3  | Noticed a lich
 33894 | Abyss:3  | Killed a lich
 33894 | Abyss:3  | Reached skill level 16 in Axes
 34348 | Abyss:3  | Noticed a lich
 34352 | Abyss:3  | Found a corrupted altar of Lugonu.
 34359 | Abyss:3  | Killed a lich
 34425 | Abyss:3  | Noticed a tentacled starspawn
 34432 | Abyss:3  | Found a corrupted altar of Lugonu.
 34448 | Abyss:3  | Killed from afar by a smoke demon

Vault maps used:
D:1:      lightli_arrival_lavapool, columned_hall_lemuel, minmay_tetromino_i4
D:2:      lemuel_crystal_altar, gammafunk_temple_overflow_forgotten
D:3:      kennysheep_the_goblin_king, lemuel_flame_loot_1, uniq_robin
D:4:      first_ration, gup_sewer_entry_spiral, minmay_mini_ossuary
D:5:      temple_doors_e, ebering_ghost_sewer_d, minivault_25, solitary_fountain
D:6:      nicolae_gozag_cash_rules_everything_around_me
D:7:      uniq_harold, uniq_duvessa
D:8:      hangedman_ranch, uniq_maurice
D:9:      minmay_the_grid_net, kennysheep_mini, grunt_lair_entry_orc_guard_hut,
          nzn_random_ring, uniq_joseph
D:10:     basic_altar, mrwooster_statue_mirror, uniq_urug
D:11:     orc_0_dummy, basic_altar, kennysheep_cross_bottleneck,
          minmay_librarian
D:12:     serial_undead, serial_undead_d, serial_undead_a, serial_undead_e,
          serial_undead_f, serial_undead_c, serial_undead_a, serial_undead_c,
          hangedman_incinerator, uniq_erolcha
D:13:     serial_shops, shop_scrolls, uniq_frances
D:14:     david_vaults_3, lemuel_statue_altar, muffindrake_ghost_dual_entry,
          grunt_ministairs_8, st_stairs_3, lightli_church_of_beogh
Lair:1:   minmay_lair_oklob_chamber
Lair:2:   nicolae_swamp_entry_splash_gauntlet, spider_nest_entry_webs
Lair:3:   special_room, serial_bayou_shore_a
Lair:4:   grunt_megastairs_3, infiniplex_staircase_pool
Lair:5:   minmay_slime_entry_oklob_enclosed, lab_entry_generic, pf_torpor_hydra,
          infiniplex_staircase_pool_2
Lair:6:   hangedman_lair_tendril_chambers, hangedman_lair_caniforms_friends
Orc:1:    basic_altar, uniq_fannar
Orc:2:    st_orc_town, uniq_sonja
Abyss:3:  evilmike_abyss_exit_chaos, doesnt_abyss_rune_brain_food
Lab:      labyrinth_hidden_loot
Sewer:    sewer_minmay_treatment

Skill      XL: |  1  2  3  4  5  6  7  8  9 10 11 12 13 14 15 16 |
---------------+-------------------------------------------------+-----
Axes           | 4 5 6 7 8 9 10 11 13 14 15 16 | 16.3
Dodging        | 4 5 8 9 |  9.4
Fighting       | 4 6 7 8 10 12 13 14 15 | 15.5
Stealth        | 5 6 11 12 | 12.7
Shields        | 6 10 11 | 11.0
Evocations     | 5 8 9 |  9.0
Throwing       | 3 5 |  5.0

Action                   |  1- 3 |  4- 6 |  7- 9 | 10-12 | 13-15 | 16-18 || total
-------------------------+-------+-------+-------+-------+-------+-------++-------
Melee: Hand axe          |    56 |    99 |   336 |     9 |    28 |       ||   528
       Constrict         |    12 |    24 |    78 |    69 |   142 |    41 ||   366
       Tentacles         |    10 |    20 |    85 |   102 |   256 |    64 ||   537
       War axe           |       |       |    39 |   331 |       |       ||   370
       Broad axe         |       |       |       |   116 |   995 |   268 ||  1379
Throw: Javelin           |       |       |     2 |     2 |     9 |       ||    13
Invok: Berserk           |     1 |     4 |    15 |    19 |    17 |     7 ||    63
       Trog's Hand       |       |       |     3 |     4 |     7 |     6 ||    20
       Brothers in Arms  |       |       |       |       |     1 |       ||     1
Evoke: Wand              |       |       |       |     9 |    16 |     6 ||    31
       Sack of spiders   |       |       |       |     1 |       |       ||     1
  Use: Scroll            |     3 |     3 |    14 |    17 |    12 |     8 ||    57
       Potion            |       |       |     4 |     7 |     6 |     2 ||    19
 Stab: Sleeping          |     4 |     8 |    17 |    42 |    30 |     7 ||   108
       Distracted        |       |       |       |     1 |     9 |     3 ||    13
       Petrified         |       |       |       |       |     2 |       ||     2
  Eat: Chunk             |     1 |     9 |    12 |    22 |    46 |     7 ||    97
       Ration            |       |       |     7 |     6 |     6 |     4 ||    23
Armor: Skin              |     4 |     3 |     7 |     4 |     8 |     1 ||    27
Dodge: Dodged            |    34 |    51 |   258 |   262 |   471 |   145 ||  1221
Block: Shield            |       |       |    16 |   294 |   638 |   161 ||  1109

Table legend:
 A = Non-vault XP
 B = Vault XP
 C = Vault XP percentage of total XP
 D = Non-vault monster count
 E = Vault monster count
 F = Vault count percentage of total count
                 A         B        C        D         E       F
            +---------+---------+-------+---------+---------+-------
      Total |  103068 |   68690 |  40.0 |     612 |     394 |  39.2
            +---------+---------+-------+---------+---------+-------
        D:1 |      23 |       6 |  20.7 |      10 |       4 |  28.6
        D:2 |      86 |       0 |   0.0 |      15 |       0 |   0.0
        D:3 |     189 |      51 |  21.2 |      24 |      20 |  45.5
        D:4 |     386 |      73 |  15.9 |      22 |      12 |  35.3
        D:5 |     730 |     367 |  33.5 |      21 |       3 |  12.5
        D:6 |    1153 |       0 |   0.0 |      26 |       0 |   0.0
        D:7 |    1035 |    1123 |  52.0 |      25 |       3 |  10.7
        D:8 |     955 |    2705 |  73.9 |      24 |       9 |  27.3
        D:9 |    3080 |    6424 |  67.6 |      28 |      37 |  56.9
       D:10 |    7855 |     831 |   9.6 |      30 |       1 |   3.2
       D:11 |    2799 |     751 |  21.2 |      30 |       1 |   3.2
       D:12 |    5421 |    2759 |  33.7 |      25 |      18 |  41.9
       D:13 |   10499 |    9853 |  48.4 |      56 |      19 |  25.3
       D:14 |    8973 |    7448 |  45.4 |      37 |      24 |  39.3
     Lair:1 |    5891 |       0 |   0.0 |      29 |       0 |   0.0
     Lair:2 |    4803 |    1211 |  20.1 |      20 |       7 |  25.9
     Lair:3 |    2932 |    1863 |  38.9 |      10 |      26 |  72.2
     Lair:4 |    4147 |     493 |  10.6 |      17 |       4 |  19.0
     Lair:5 |    6361 |    1385 |  17.9 |      26 |       2 |   7.1
     Lair:6 |   16055 |   18777 |  53.9 |      49 |      90 |  64.7
      Orc:1 |     673 |     981 |  59.3 |      14 |       1 |   6.7
      Orc:2 |    5643 |    9357 |  62.4 |      42 |      62 |  59.6
    Abyss:3 |   13379 |       0 |   0.0 |      32 |       0 |   0.0
        Lab |       0 |    2002 | 100.0 |       0 |       3 | 100.0
      Sewer |       0 |     230 | 100.0 |       0 |      48 | 100.0
            +---------+---------+-------+---------+---------+-------
